 Dungeon Crawl Stone Soup version 0.17-a0-2115-g0d8b93e (webtiles) character file.

114 Maka the Slasher (level 5, -5/35 HPs)
             Began as a Halfling Fighter on Oct 20, 2015.
             Slain by Sigmund
             ... wielding a +0 scythe
              (9 damage)
             ... on level 3 of the Dungeon.
             The game lasted 00:03:37 (2127 turns).

Maka the Slasher (Halfling Fighter)                 Turns: 2127, Time: 00:03:37

Health: -5/35      AC:  6    Str: 21    XL:     5   Next: 18%
Magic:  5/5        EV:  9    Int:  7    God:
Gold:   133        SH: 10    Dex: 15    Spells: 0 memorised, 4 levels left

rFire  . . .     SeeInvis .     a - +0 long sword
rCold  . . .     Clarity  .     b - +0 scale mail
rNeg   . . .     SustAt   .     c - +0 shield
rPois  .         Gourm    .     (no helmet)
rElec  .         Spirit   .     (no cloak)
rCorr  .         Warding  .     (no gloves)
rMut   .         Stasis   .     (no boots)
MR     .....                    (no amulet)
Stlth  +.........               (no ring)
                                i - ring of stealth

@: mighty, not resistant to hostile enchantments, very unstealthy
A: mutation resistance 1
a: no special abilities


You were on level 3 of the Dungeon.
You were not hungry.

You visited 1 branch of the dungeon, and saw 3 of its levels.

You collected 133 gold pieces.

Inventory:

Hand Weapons
 a - a +0 long sword (weapon)
Armour
 b - a +0 scale mail (worn)
 c - a +0 shield (worn)
Jewellery
 i - a ring of stealth (left hand)
Scrolls
 g - 2 scrolls of fog
Potions
 h - a potion of resistance
 j - 3 potions of agility
 m - a potion of cure mutation
 o - a potion of degeneration {unknown}
 p - a potion of heal wounds {unknown}
 t - a potion of lignification {unknown}
 v - a potion of curing {unknown}
Comestibles
 e - a bread ration
 l - 2 beef jerkies
 r - 3 slices of pizza
 w - 4 fruits
 x - a meat ration


   Skills:
 - Level 2.6 Fighting
 + Level 5.0 Long Blades
 - Level 3.2 Armour
 - Level 3.2 Shields


You had 4 spell levels left.
You didn't know any spells.

Dungeon Overview and Level Annotations

Branches:
Dungeon (3/15)

Altars:

Annotations:
D:3 Sigmund


Innate Abilities, Weirdness & Mutations

You are small and have problems with some larger weapons.
You are somewhat resistant to further mutation.


Message History

Something hits you! Something hits you!
Drink which item? (? for menu, Esc to quit)
You feel very mighty all of a sudden.
You miss something. Something hits you!
* * * LOW HITPOINT WARNING * * *
You completely miss something. Something completely misses you.
You miss something. Something hits you.
* * * LOW HITPOINT WARNING * * *
You barely miss something. You closely miss something. You block its attack.
Your scale mail prevents you from hitting something.
Something hits you but does no damage.
You miss something.
You hear some strange, mumbled words.
Something tries to affect you, but you resist.
Your shield and scale mail prevent you from hitting something.
You block its attack.
You hit something. Something hits you!
You die...

#.# #.## .. ####.##...##
..###[...#.....#
................ #.. #
#............## #..
#####
#.............######>.
.....
..#.....................
####
...........#.##.........
##
#.....<@!....##.........
.#
######{#†..####.........
.# #.#...####.........
.# #.#...##..........#
.# #.#...##.#.......##
.# ..#......#.......##
)# ####.............##
.##### #.#############.
.....# #.# #####.#


There were no monsters in sight!

Vanquished Creatures
  An orc wizard (D:2)
  3 adders
  A worm (D:2)
  A giant gecko (D:1)
  An orc (D:3)
  7 bats
  10 goblins
  7 hobgoblins
  2 jackals (D:2)
  8 kobolds
  3 ball pythons
  4 giant cockroaches
  4 giant newts
  5 rats (D:1)
57 creatures vanquished.

Notes
Turn   | Place    | Note
--------------------------------------------------------------
     0 | D:1      | Maka the Halfling Fighter began the quest for the Orb.
     0 | D:1      | Reached XP level 1. HP: 15/15 MP: 1/1
   182 | D:1      | Reached XP level 2. HP: 18/20 MP: 2/2
   536 | D:1      | Reached XP level 3. HP: 18/25 MP: 3/3
  1392 | D:2      | Reached skill level 4 in Long Blades
  1392 | D:2      | Reached XP level 4. HP: 27/30 MP: 4/4
  1774 | D:2      | Reached XP level 5. HP: 35/35 MP: 5/5
  2107 | D:3      | Noticed Sigmund
  2111 | D:3      | Reached skill level 5 in Long Blades
  2127 | D:3      | Slain by Sigmund

Vault maps used:
D:1:      dpeg_arrival_shelter, hangedman_abyss_or_decor_stabs
D:3:      uniq_sigmund

Action                   |  1- 3 |  4- 6 || total
-------------------------+-------+-------++-------
Melee: Long sword        |   119 |    71 ||   190
  Use: Scroll            |       |     8 ||     8
       Potion            |       |     1 ||     1
  Eat: Chunk             |     1 |     3 ||     4
